 Dungeon Crawl Stone Soup version 0.30.1-11-g7821555f0a (webtiles) character file.

Game seed: 12416818402095626595

54 jagang the Trooper (level 4, -1/36 HPs)
             Began as a Human Monk on Dec 26, 2023.
             Slain by a gnoll
             ... wielding a +0 club
              (5 damage)
             ... on level 2 of the Dungeon.
             The game lasted 00:01:51 (1279 turns).

jagang the Trooper (Human Monk)                     Turns: 1279, Time: 00:01:51

Health: -1/36      AC:  8    Str: 12    XL:     4   Next: 12%
Magic:  4/4        EV:  7    Int: 10    God:
Gold:   150        SH:  0    Dex: 17    Spells: 3/3 levels left

rFire   . . .        e - +0 rapier
rCold   . . .        d - orb {light}
rNeg    . . .        j - +0 chain mail
rPois   .            (no helmet)
rElec   .            (no cloak)
rCorr   .            (no gloves)
SInv    .            (no boots)
Will    .....        (no amulet) Stlth
                     (no ring)
HPRegen 0.26/turn    (no ring)
MPRegen 0.09/turn

%: no passive effects
@: glowing
A: no striking features
a: no special abilities


You were on level 2 of the Dungeon.
You visited 1 branch of the dungeon, and saw 2 of its levels.

You collected 150 gold pieces.

Inventory:

Hand Weapons
 e - a +0 rapier (weapon)
Armour
 d - an orb of light (worn)
 j - a +0 chain mail (worn)
Scrolls
 a - 6 scrolls of identify {unknown}
 i - a scroll of teleportation {unknown}
Potions
 b - a potion of heal wounds {unknown}
 c - a potion of ambrosia
 f - a potion of curing {unknown}
 g - a potion of invisibility {unknown}
 h - a potion of haste {unknown}
 k - a potion of cancellation {unknown}


   Skills:
 + Level 3.6 Fighting
 + Level 3.6 Long Blades
 + Level 1.8 Armour
 - Level 3.0 Dodging


You had 3 spell levels left.
You didn't know any spells.
Your spell library contained the following spells:

 Spells                   Type           Power      Damage    Failure   Level
 Portal Projectile        Hex/Tloc       0%         N/A       100%        3
 Silence                  Hex/Air        0%         N/A       100%        5


Dungeon Overview and Level Annotations

Branches:
Dungeon (2/15)

Altars:


Message History

You barely miss the gnoll.
The gnoll is severely wounded.
The gnoll hits you with a +0 whip.
The gnoll hits you from afar with a +0 spear.
The gnoll barely misses you. The gnoll hits you but does no damage.
You hit the gnoll.
The gnoll is severely wounded.
The gnoll hits you but does no damage. The gnoll barely misses you.
You hit the gnoll.
The gnoll is almost dead.
The gnoll hits you but does no damage.
The gnoll hits you from afar with a +0 spear.
You barely miss the gnoll.
The gnoll is almost dead.
The gnoll hits you from afar with a +0 spear.
The gnoll hits you with a +0 whip.
* * * LOW HITPOINT WARNING * * *
You hit the gnoll.
You kill the gnoll!
The gnoll completely misses you.
A gnoll comes into view. It is wielding a +0 club.
The gnoll shouts!
The gnoll hits you with a +0 spear.
* * * LOW HITPOINT WARNING * * *
The gnoll moves out of view.
You see here a +0 whip.
You hit the gnoll.
The gnoll is moderately wounded.
The gnoll barely misses you.
You hit the gnoll.
The gnoll is severely wounded.
The gnoll closely misses you.
You hit the gnoll.
You kill the gnoll!
You have reached level 4!
You feel stronger.
You hit the gnoll.
The gnoll is lightly wounded.
The gnoll hits you with a +0 club.
You die...

#......#.#. #....).#...
.####+#..###.
.............
#####.#.##### ######
#######.#...... ......
...............
#....##########.#######
#..@)...........)...
##g###..####.#######
#.# ##..###.# ..#
##..##.# ...# ##.##.#
##### ....#
#.##'##....# ####.#
#.....#....# #.#
#.....#....# ..#
#..........#


You could see a gnoll.

Vanquished Creatures
  3 gnolls (D:2)
  2 endoplasms (D:1)
  A giant cockroach (D:1)
  4 goblins
  A hobgoblin (D:1)
  3 kobolds
  3 quokkas (D:1)
  2 ball pythons (D:1)
  5 rats
24 creatures vanquished.

Notes
Turn   | Place    | Note
-------+----------+-------------------------------------------
     0 | D:1      | jagang the Human Monk began the quest for the Orb.
     0 | D:1      | Reached XP level 1. HP: 18/18 MP: 1/1
   199 | D:1      | Got the Elucidation of Malisons
   224 | D:1      | Reached XP level 2. HP: 22/24 MP: 2/2
   408 | D:1      | Reached skill level 1 in Armour
  1044 | D:2      | Found a faded altar of an unknown god.
  1093 | D:2      | Reached XP level 3. HP: 18/29 MP: 3/3
  1279 | D:2      | Reached XP level 4. HP: 4/36 MP: 4/4
  1279 | D:2      | Slain by a gnoll

Illustrated notes

Levels and vault maps discovered:
D:1:      minmay_arrival_cross, layout_loops_ring, grunt_decor_one_mirror,
          minmay_gold_behind_fungi, chequers_serial_rivers_small_3,
          minmay_crystal_water, minmay_misc_feat_room
D:2:      layout_basic, dreamdust_ecumenical_altar_grove, nicolae_wormholes

Skill      XL: |  1  2 |
---------------+-------+-----
Armour         | 1 |  1.8
Fighting       | |  3.6
Long Blades    | |  3.6
Dodging        | |  3.0

Action                     |  1- 3 |  4- 6 || total
---------------------------+-------+-------++-------
  Melee: Falchion          |    10 |       ||    10
         Rapier            |    81 |     1 ||    82
 Armour: Robe              |     3 |       ||     3
         Chain mail        |    27 |       ||    27
  Dodge: Dodged            |    44 |       ||    44
